 Dungeon Crawl Stone Soup version 0.31-a0-771-g505c3d19dc (webtiles) character file.

Game seed: 10510825534695106125

5538 Skeral the Grappler (level 10, -2/74 HPs)
             Began as an Octopode Shapeshifter on Sept 16, 2023.
             Was an Initiate of Gozag.
             Slain by a warg (7 damage)
             ... on level 9 of the Dungeon.
             The game lasted 00:24:05 (10310 turns).

Skeral the Grappler (Octopode Shapeshifter)        Turns: 10310, Time: 00:24:06

Health: -2/74      AC:  1    Str: 15    XL:     10   Next: 71%
Magic:  10/10      EV: 13    Int: 13    God:    Gozag
Gold:   889        SH:  0    Dex: 20    Spells: 5/9 levels left

rFire   . .          .
                       - Unarmed
rCold   . . .        (shield currently unavailable)
rNeg    . . .        (helmet restricted)
rPois   .            (no amulet)
rElec   .            D - +6 ring of dexterity
rCorr   .            L - ring of flight
SInv    +            u - ring of willpower
Will    +....        v - ring of see invisible
Stlth   +            (no ring)
HPRegen 0.32/turn    (no ring)
MPRegen 0.12/turn    (no ring)
                     (no ring)

%: no passive effects
@: flux-form, silenced, gold aura, flying, glowing, studying Long Blades
A: glow, contaminating, almost no armour, amphibious, 8 rings, camouflage 1,
gelatinous body 1, (nimble swimmer 1), tentacles
a: Begin Untransformation, Renounce Religion


You were on level 9 of the Dungeon.
You worshipped Gozag.
Gozag was pleased with you.
You were something dangerously unstable.
You visited 2 branches of the dungeon, and saw 10 of its levels.

You collected 1065 gold pieces.
You spent 35 gold pieces at shops.
You paid 141 gold pieces to Gozag.


Innate Abilities, Weirdness & Mutations

You are something dangerously unstable.
You glow with magical radiation, making you easy to see and hit.
Foes you strike become dangerously contaminated with magical radiation.
You are incapable of wielding weapons or throwing items.
You cannot wear most types of armour.
You are amphibious.
You can wear up to eight rings at the same time.
Your skin changes colour to match your surroundings (Stealth+).
Your rubbery body absorbs attacks. (AC +1, EV +1)
((You are camouflaged when in or above water. (Stealth+)))
You have tentacles for arms and can constrict up to eight enemies at once.


   Skills:
 + Level 9.1 Fighting
 - Level 2.0 Dodging
 - Level 3.1 Stealth
 + Level 9.5 Unarmed Combat
 + Level 8.8 Shapeshifting


You had 5 spell levels left.
You knew the following spells:

 Your Spells              Type           Power      Damage    Failure   Level
b - Blink                 Tloc           0%         N/A       43%         2
w - Wereblood             Tmut           0%         N/A       43%         2

Your spell library contained the following spells:

 Spells                   Type           Power      Damage    Failure   Level
 Ensorcelled Hibernation  Hex/Ice        0%         N/A       43%         2
 Jinxbite                 Hex            0%         N/A       43%         2
 Lesser Beckoning         Tloc           0%         N/A       43%         2
 Momentum Strike          Conj/Tloc      0%         3d8       43%         2
 Sublimation of Blood     Necr           0%         N/A       43%         2
 Call Canine Familiar     Summ           0%         N/A       67%         3
 Gell's Gravitas          Tloc           0%         N/A       67%         3
 Sigil of Binding         Hex            0%         N/A       67%         3
 Teleport Other           Tloc           0%         N/A       67%         3
 Anguish                  Hex/Necr       0%         N/A       97%         4
 Dimensional Bullseye     Hex/Tloc       0%         N/A       97%         4
 Leda's Liquefaction      Hex/Erth       0%         N/A       97%         4
 Olgreb's Toxic Radiance  Pois           0%         N/A       97%         4
 Petrify                  Tmut/Erth      0%         N/A       97%         4
 Irradiate                Conj/Tmut      0%         3d11      100%        5
 Summon Hydra             Summ           0%         N/A       100%        7
 Discord                  Hex            0%         N/A       100%        8
 Ignition                 Fire           0%         3d3       100%        8

Inventory:

Hand Weapons
 a - a +0 sling
   (You found it on level 1 of the Dungeon)
 m - the +6 dagger "Demonbane" {heavy, rPois Int+3}
   (You found it on level 2 of the Dungeon)

   Int+3:     It affects your intelligence (+3).
   rPois:     It protects you from poison
Missiles
 j - 12 boomerangs (quivered)
 t - 3 throwing nets {=f!f}
 C - 8 poisoned darts
Armour
 p - a +1 buckler
   (You found it on level 3 of the Dungeon)
Jewellery
 u - a ring of willpower (on tentacle)
   (You found it on level 6 of the Dungeon)
 v - a ring of see invisible (on tentacle)
   (You found it on level 7 of the Dungeon)
 D - a +6 ring of dexterity (left tentacle)
   (You found it on level 1 of the Dungeon)
 L - a ring of flight (right tentacle)
   (You found it on level 2 of the Dungeon)
Talismans
 b - a beast talisman
 c - a flux talisman (active)
 z - a blade talisman
   (You found it on level 6 of the Dungeon)
Wands
 r - a wand of iceblast (2)
   (You took it off Ijyb on level 3 of the Dungeon)
 s - a wand of charming (4)
   (You found it on level 4 of the Dungeon)
 w - a wand of light (8)
   (You found it on level 6 of the Dungeon)
 F - a wand of flame (15)
   (You took it off an orc on level 8 of the Dungeon)
Scrolls
 f - 4 scrolls of enchant weapon
 g - 2 scrolls of amnesia
 h - a scroll of revelation
 k - a scroll of silence {!r}
 n - 2 scrolls of enchant armour
 x - a scroll of teleportation {unknown}
 y - a scroll of immolation {unknown}
 G - a scroll of vulnerability {!r!r}
 I - a scroll of fog {unknown}
Potions
 d - 3 potions of lignification {!q}
 e - 2 potions of curing {@q1}
 l - a potion of berserk rage {!q}
 o - a potion of mutation {!q}
 q - a potion of ambrosia {unknown}
 A - a potion of haste {unknown}
 B - a potion of might {unknown}
 E - 3 potions of enlightenment {unknown}
 H - 2 potions of attraction {unknown}
 J - a potion of invisibility {unknown}

Dungeon Overview and Level Annotations

Branches:
Dungeon (9/15) Zot: 26473  Temple (1/1) D:7 Zot: 5894    Lair (0/5) D:8
    Orc: D:9-12

Altars:
Ashenzari
Cheibriados
Dithmenos
Elyvilon
Fedhas
Gozag
Hepliaklqana
Kikubaaqudgha
Nemelex Xobeh
Okawaru
Qazlal
Ru
Sif Muna
Trog
Uskayaw
Vehumet
Wu Jian
Xom
Yredelemnul
Zin

Shops:
D:1 ( D:7

* # #...##....# #.............. #
#...##....# #[............. #
#...##....# #.............. #
#...##....# #.............. #
#...##....# #..............
#####...##....#####..............
.................................
.zz.<..........oop............##.
...............zpho...........##.
####################.#####....##.
#.## #....##. #..####....##.
....................
##..................
#...(..............
....................
..opo......##....<..


You could see a human, a warg, a wight (blind), an orc priest (heavy contam) and
2 orcs.


Message History

😕 HP[+1] 2 orcs and a human come into view.
An orc, a warg and an orc priest come into view.
You see here a scroll of amnesia.
g - 2 scrolls of amnesia (gained 1)
The orc shouts!
The human shouts!
The orc shouts!
The orc priest shouts!
You hear a shout!
An orc comes into view. It is wielding a +0 short sword.
The orc shouts!
You hear a shout! 😎 HP[+1]
Your hp is fully restored (74).
The wight unwields a +0 flail.
The wight wields a +0 shortbow.
The wight shoots an arrow.
The arrow hits you! 😕 HP[-8]
You take 8 damage, and now have 66/74 hp.
The wight shoots an arrow.
The arrow barely misses you. 😕 HP[+1]
The orc closely misses you.
The wight shoots an arrow.
The arrow hits you! 😕 HP[-9]
You take 9 damage, and now have 58/74 hp.
You tentacle-slap the orc.
The orc begins to glow.
You grab the orc. You constrict the orc.
The orc hits you with a +0 short sword. 😮 HP[-3]
You take 3 damage, and now have 55/74 hp.
You tentacle-slap the orc.
You kill the orc!
The human hits you!
The wight shoots an arrow.
The arrow hits you. 😮 HP[-13]
You take 13 damage, and now have 42/74 hp.
As you read the scroll labelled KASIRU ZUTS, it crumbles to dust.
A profound silence engulfs you.
It was a scroll of silence.
The human barely misses you.
The wight shoots an arrow.
The arrow hits you!
* * * LOW HITPOINT WARNING * * *
😨 HP[-10]
You take 10 damage, and now have 32/74 hp.
Magic scrolls do not work when you're silenced!
Aiming: Bolt of Light
Press: ? - help, Shift-Dir - straight line, f - wight
Aim: a wight, wielding a +0 shortbow and wearing a +0 robe (silenced, 71% to hit)
The bolt of light hits the wight!
The wight is blinded.
The bolt of light misses the wight.
The wight is distracted by your dazzling golden aura.
The human barely misses you. The orc hits you with a +0 short sword.
* * * LOW HITPOINT WARNING * * *
😨 HP[-1]
You take 1 damage, and now have 31/74 hp.
Aiming: Bolt of Light
Press: ? - help, Shift-Dir - straight line, f/p - wight
Aim: a wight, wielding a +0 shortbow and wearing a +0 robe (silenced, almost destroyed, blind, 71% to hit)
The bolt of light misses the wight.
The bolt of light hits the wight!
The wight is no longer distracted by gold.
The wight is blinded.
The human hits you.
* * * LOW HITPOINT WARNING * * *
😨 HP[-6]
You take 6 damage, and now have 25/74 hp.
You catch the helpless wight completely off-guard!
You tentacle-slap the wight but do no damage.
The wight begins to glow.
You grab the wight.
You squeeze the wight, but do no damage.
You constrict the wight, but do no damage.
The human closely misses you. 😨 HP[+1]
You tentacle-slap the wight.
The wight glows dangerously bright.
You squeeze the wight.
You destroy the wight!
The warg misses you. The human barely misses you.
You barely miss the orc priest. You grab the orc priest.
You squeeze the orc priest, but do no damage.
You constrict the orc priest. The warg barely misses you.
You tentacle-slap the orc priest but do no damage.
The orc priest begins to glow.
You constrict the orc priest. The warg misses you.
The orc priest hits you with a +0 dagger.
* * * LOW HITPOINT WARNING * * *
The human grins.
The human hits you!
* * * LOW HITPOINT WARNING * * *
The orc is distracted by your dazzling golden aura. 😱 HP[-10]
You take 10 damage, and now have 16/74 hp.
You tentacle-slap the orc priest but do no damage.
The orc priest glows dangerously bright.
You constrict the orc priest, but do no damage.
The warg barely misses you. The wight closely misses you.
The orc priest hits you but does no damage.
The human hits you.
* * * LOW HITPOINT WARNING * * *
😱 HP[-1]
You take 1 damage, and now have 15/74 hp.
You feel better.
You constrict the orc priest, but do no damage.
The warg bites you!
* * * LOW HITPOINT WARNING * * *
The wight hits you with a +0 long sword.
* * * LOW HITPOINT WARNING * * *
The orc priest hits you with a +0 dagger.
* * * LOW HITPOINT WARNING * * *
The human closely misses you. The orc barely misses you. The warg bites you!
You die...
Your body crumbles into a pile of gold.

Skill      XL: |  1  2  3  4  5  6  7  8  9 10 |
---------------+-------------------------------+-----
Fighting       | 2 3 4 6 7 9 |  9.1
Stealth        | 1 2 3 |  3.1
Unarmed Combat | 4 5 7 8 9 |  9.5
Shapeshifting  | 4 5 6 7 8 |  8.8
Dodging        | |  2.0

Action                     |  1- 3 |  4- 6 |  7- 9 | 10-12 || total
---------------------------+-------+-------+-------+-------++-------
  Melee: Unarmed           |    52 |    86 |   187 |   117 ||   442
         Constrict         |    11 |    22 |    56 |    29 ||   118
         Tentacles         |     5 |    16 |    57 |    39 ||   117
         Punch             |       |     3 |    11 |     4 ||    18
  Throw: Boomerang         |       |     2 |    13 |     1 ||    16
  Evoke: Wand              |       |       |     6 |     6 ||    12
    Use: Scroll            |       |     4 |     5 |     3 ||    12
         Potion            |       |       |     3 |     1 ||     4
   Stab: Sleeping          |     2 |     8 |     6 |     1 ||    17
         Distracted        |       |       |     1 |       ||     1
         Invisible         |       |       |       |     1 ||     1
 Armour: Skin              |    16 |    35 |   153 |    90 ||   294
  Dodge: Dodged            |    29 |    32 |   114 |    80 ||   255
   Form: Flux              |       |       |       |     1 ||     1

Levels and vault maps discovered:
D:1:      dpeg_arrival_snail, layout_basic, serial_shops,
          nicolae_shop_real_fake_doors, nicolae_the_louvre
D:2:      layout_basic, uniq_natasha
D:3:      layout_basic, uniq_grinder, uniq_ijyb, uniq_terence
D:4:      layout_basic, grunt_qazlal_sundering, amethyst_overflow_temple_binary,
          uniq_sigmund
D:5:      layout_basic, hangedman_ru_absence, lemuel_round_altar,
          nicolae_overflow_crystal_walls, minmay_manual_moon
D:6:      layout_rooms, chequers_avenue, minivault_22, uniq_eustachio
D:7:      layout_loops_ring, lemuel_blue_sif_altar,
          gammafunk_temple_overflow_elements, minmay_temple_entry_fiery,
          nicolae_shop_clearance
D:8:      layout_basic, mainiacjoe_overflow_six_doors_small,
          amcnicky_altar_gilded, due_lair_maze_entry_diamond, serial_undead,
          serial_undead_b, serial_undead_d, serial_undead_e, serial_undead_b,
          kennysheep_generic_room_12
D:9:      layout_small_grid, lemuel_tele_altar, bloody_makhleb, erik_orc_4,
          serial_shops, shop, gammafunk_ghost_arena, dreamdust_wishing_well
Temple:   hellmonk_temple_forest_ring

Notes
Turn   | Place    | Note
-------+----------+-------------------------------------------
     0 | D:1      | Skeral the Octopode Shapeshifter began the quest for the
                  | Orb.
     0 | D:1      | Reached XP level 1. HP: 13/13 MP: 1/1
     0 | D:1      | magus.rc [v1.10.3]
    35 | D:1      | You pick up a book of Displacement and begin reading...
    35 | D:1      | You add the spells Lesser Beckoning, Gell's Gravitas and
                  | Teleport Other to your library.
   263 | D:1      | Reached XP level 2. HP: 16/18 MP: 2/2
   548 | D:1      | Found Ireq's Antique Weapon Shop.
   655 | D:1      | Reached XP level 3. HP: 24/24 MP: 3/3
   871 | D:2      | Noticed Natasha
   880 | D:2      | Killed Natasha
   881 | D:2      | Reached skill level 2 in Fighting
  1202 | D:2      | Reached XP level 4. HP: 29/29 MP: 4/4
  1337 | D:2      | Noticed Natasha
  1340 | D:2      | Identified the +6 dagger "Demonbane" {heavy, rPois Int+3}
  1357 | D:2      | Killed Natasha
  1464 | D:2      | You pick up a book of Spatial Translocations and begin
                  | reading...
  1464 | D:2      | You add the spells Blink and Momentum Strike to your
                  | library.
  1509 | D:2      | You pick up a book of Dreams and begin reading...
  1509 | D:2      | You add the spells Jinxbite, Ensorcelled Hibernation and
                  | Anguish to your library.
  1781 | D:3      | Noticed Grinder
  1781 | D:3      | Noticed Terence
  1964 | D:3      | You pick up a book of Blood and begin reading...
  1964 | D:3      | You add the spells Sublimation of Blood, Wereblood and
                  | Summon Hydra to your library.
  2103 | D:3      | Learned a level 2 spell: Wereblood
  2385 | D:3      | Noticed Ijyb
  2390 | D:3      | Killed Ijyb
  2391 | D:3      | Reached skill level 1 in Stealth
  2391 | D:3      | Reached skill level 4 in Unarmed Combat
  2391 | D:3      | Reached XP level 5. HP: 31/36 MP: 5/5
  2426 | D:3      | Killed Grinder
  2427 | D:3      | Reached skill level 3 in Fighting
  2427 | D:3      | Reached skill level 2 in Stealth
  2427 | D:3      | Reached skill level 4 in Shapeshifting
  2427 | D:3      | Reached XP level 6. HP: 22/42 MP: 6/6
  2533 | D:3      | Killed Terence
  2534 | D:3      | Reached skill level 3 in Stealth
  2644 | D:4      | Noticed a black bear
  2727 | D:4      | Noticed Sigmund
  2881 | D:4      | Found a hazy altar of Hepliaklqana.
  2881 | D:4      | Found an ancient bone altar of Kikubaaqudgha.
  2945 | D:4      | Reached XP level 7. HP: 47/47 MP: 7/7
  3036 | D:4      | Found a stormy altar of Qazlal.
  3087 | D:4      | Killed Sigmund
  3088 | D:4      | Reached skill level 4 in Fighting
  3088 | D:4      | Reached skill level 5 in Unarmed Combat
  3098 | D:4      | You add the spells Olgreb's Toxic Radiance, Ignition and
                  | Discord to your library.
  3411 | D:5      | Entered Level 5 of the Dungeon
  3414 | D:5      | magus.rc [v1.10.3]
  3432 | D:5      | Reached skill level 5 in Shapeshifting
  3538 | D:5      | Reached XP level 8. HP: 46/54 MP: 8/8
  3718 | D:5      | Reached skill level 5 in Fighting
  3809 | D:5      | Noticed a wraith
  3809 | D:5      | Noticed a wraith
  3831 | D:5      | Killed a wraith
  3832 | D:5      | Reached skill level 6 in Unarmed Combat
  4098 | D:5      | Found a sacrificial altar of Ru.
  4121 | D:5      | Reached skill level 6 in Shapeshifting
  4294 | D:5      | Found a glowing silver altar of Zin.
  4342 | D:5      | Found a bloodstained altar of Trog.
  4520 | D:5      | Reached skill level 6 in Fighting
  4645 | D:6      | Noticed Eustachio
  4656 | D:6      | You pick up a book of Alchemy and begin reading...
  4656 | D:6      | You add the spells Petrify and Irradiate to your library.
  4699 | D:6      | Learned a level 2 spell: Blink
  4773 | D:6      | Killed Eustachio
  4891 | D:6      | Reached skill level 7 in Unarmed Combat
  4891 | D:6      | Reached XP level 9. HP: 43/63 MP: 9/9
  5019 | D:6      | Identified the +8 war axe of the Snake Pit {distort, Fly
                  | rC+ MP+9}
  5391 | D:7      | Identified the +9 quarterstaff of Big Damage {elec, Dex+2}
  5597 | D:7      | Found a sparkling altar of Nemelex Xobeh.
  5597 | D:7      | Found a white marble altar of Elyvilon.
  5979 | D:7      | Found a staircase to the Ecumenical Temple.
  5998 | Temple   | Entered the Ecumenical Temple
  6006 | Temple   | Became a worshipper of Gozag Ym Sagoz the Greedy
  6241 | D:7      | Reached skill level 7 in Shapeshifting
  6243 | D:7      | Reached skill level 7 in Fighting
  6605 | D:7      | Found a shimmering blue altar of Sif Muna.
  6656 | D:7      | Found Aruaduuro's CLEARANCE SALE!.
  6665 | D:7      | Bought a scroll of noise for 5 gold pieces
  6665 | D:7      | Bought 2 potions of curing for 30 gold pieces
  6953 | D:8      | HP: 11/64 [unseen horror zombie (6)]
  6958 | D:8      | HP: 23/96 [black bear (1)]
  6965 | D:8      | Reached skill level 8 in Unarmed Combat
  7529 | D:8      | Reached XP level 10. HP: 72/72 MP: 10/10
  7548 | D:8      | Found a basalt altar of Yredelemnul.
  7566 | D:8      | Reached skill level 8 in Fighting
  7608 | D:8      | You pick up a book of the Hunter and begin reading...
  7608 | D:8      | You add the spells Sigil of Binding, Call Canine Familiar,
                  | Dimensional Bullseye and Leda's Liquefaction to your
                  | library.
  7777 | D:8      | Reached skill level 8 in Shapeshifting
  8225 | D:8      | Found a staircase to the Lair.
  8588 | D:8      | Reached skill level 9 in Unarmed Combat
  8689 | D:8      | Noticed a two-headed ogre
  9342 | D:8      | Found a blossoming altar of Fedhas.
  9686 | D:8      | Killed a two-headed ogre
  9839 | D:8      | Reached skill level 9 in Fighting
 10308 | D:9      | HP: 16/74 [human (8)]
 10310 | D:9      | HP: 6/74 [wight/+0 long sword (6)]
 10310 | D:9      | Slain by a warg

Vanquished Creatures
  A two-headed ogre (D:8)
  An unseen horror zombie (D:8)
  Grinder (D:3)
  Sigmund (D:4)
  2 yaks (D:8)
  Eustachio (D:6)
  A wraith (D:5)
  4 water moccasins (D:8)
  2 ice beasts
  3 black bears
  3 orc warriors
  2 centaurs
  7 bullfrogs
  A wyvern zombie (D:8)
  5 scorpions
  5 wights
  A killer bee (D:9)
  3 gnoll boudas
  A jelly (D:7)
  8 orc priests
  A centaur zombie (D:8)
  5 hounds
  A sleepcap (D:8)
  Ijyb (D:3)
  Natasha (twice) (D:2)
  2 iguanas
  5 orc wizards
  Terence (D:3)
  A killer bee zombie (D:8)
  A howler monkey zombie (D:8)
  16 gnolls
  4 adders
  3 shadow imps
  7 white imps
  An ufetubus (D:5)
  A dart slug (D:3)
  3 worms
  26 orcs
  4 endoplasms
  A giant cockroach (D:3)
  5 goblins
  9 hobgoblins
  9 jackals
  3 quokkas
  7 ball pythons
  2 bats
  5 frilled lizards
  6 kobolds
  5 rats
190 creatures vanquished.

Vanquished Creatures (collateral kills)
  2 killer bees (D:9)
  An iguana (D:5)
  An adder (D:5)
  2 quokkas (D:5)
6 creatures vanquished.

Vanquished Creatures (others)
  A wraith (D:5)
  An orc (D:8)
2 creatures vanquished.

Grand Total: 198 creatures vanquished

Table legend:
 A = Non-vault XP
 B = Vault XP
 C = Vault XP percentage of total XP
 D = Non-vault monster count
 E = Vault monster count
 F = Vault count percentage of total count
                 A         B        C        D         E       F
            +---------+---------+-------+---------+---------+-------
      Total |    4511 |    3401 |  43.0 |     164 |      32 |  16.3
            +---------+---------+-------+---------+---------+-------
        D:1 |      40 |       0 |   0.0 |      25 |       0 |   0.0
        D:2 |      61 |      35 |  36.5 |      15 |       1 |   6.2
        D:3 |      45 |     335 |  88.2 |      15 |       3 |  16.7
        D:4 |     163 |     239 |  59.5 |      14 |       1 |   6.7
        D:5 |     738 |     383 |  34.2 |      26 |       6 |  18.8
        D:6 |     345 |     203 |  37.0 |      10 |       1 |   9.1
        D:7 |    1055 |       0 |   0.0 |      30 |       0 |   0.0
        D:8 |    1707 |    2203 |  56.3 |      23 |      19 |  45.2
        D:9 |     357 |       3 |   0.8 |       6 |       1 |  14.3
            +---------+---------+-------+---------+---------+-------

Skill      XL: |  1  2  3  4  5  6  7  8  9 10 |
---------------+-------------------------------+-----
Fighting       | 2 3 4 6 7 9 |  9.1
Stealth        | 1 2 3 |  3.1
Unarmed Combat | 4 5 7 8 9 |  9.5
Shapeshifting  | 4 5 6 7 8 |  8.8
Dodging        | |  2.0

Action                     |  1- 3 |  4- 6 |  7- 9 | 10-12 || total
---------------------------+-------+-------+-------+-------++-------
  Melee: Unarmed           |    52 |    86 |   187 |   117 ||   442
         Constrict         |    11 |    22 |    56 |    29 ||   118
         Tentacles         |     5 |    16 |    57 |    39 ||   117
         Punch             |       |     3 |    11 |     4 ||    18
  Throw: Boomerang         |       |     2 |    13 |     1 ||    16
  Evoke: Wand              |       |       |     6 |     6 ||    12
    Use: Scroll            |       |     4 |     5 |     3 ||    12
         Potion            |       |       |     3 |     1 ||     4
   Stab: Sleeping          |     2 |     8 |     6 |     1 ||    17
         Distracted        |       |       |     1 |       ||     1
         Invisible         |       |       |       |     1 ||     1
 Armour: Skin              |    16 |    35 |   153 |    90 ||   294
  Dodge: Dodged            |    29 |    32 |   114 |    80 ||   255
   Form: Flux              |       |       |       |     1 ||     1

Illustrated notes

Table legend:
 A = Kills in this place as a percentage of kills in the entire game.
 B = Kills by you in this place as a percentage of kills by you in the entire game.
 C = Kills by friends in this place as a percentage of kills by friends in the entire game.
 D = Other kills in this place as a percentage of other kills in the entire game.
 E = Experience gained in this place as a percentage of experience gained in the entire game.
 F = Experience gained in this place divided by the number of levels of this place that you have seen.
                   A       B       C       D       E      F
               +-------+-------+-------+-------+-------+----------------------
         Total | 100.0 | 100.0 | 100.0 |   N/A | 100.0 | 791.2
       Dungeon | 100.0 | 100.0 | 100.0 |   N/A | 100.0 | 879.1
               +-------+-------+-------+-------+-------+----------------------

Table legend: (Time is in decaauts)
 A = Elapsed time spent in this place.
 B = Non-inter-level travel time spent in this place.
 C = Inter-level travel time spent in this place.
 D = Time resting spent in this place.
 E = Time spent auto-exploring this place.
 F = Levels seen in this place.
 G = Mean time per level.
                   A        B        C        D        E       F      G
               +--------+--------+--------+--------+--------+-----+--------+
         Total |  10272 |   9706 |    566 |   2913 |   3633 |  10 | 1027.2 |
       Dungeon |  10167 |   9601 |    566 |   2824 |   3633 |   9 | 1129.7 |
        Temple |    105 |    105 |      0 |     89 |      0 |   1 |  105.0 |
               +--------+--------+--------+--------+--------+-----+--------+

Top non-repeatable levels by time:
     D:8: 2982 daAuts
     D:7: 1517 daAuts
     D:5: 1230 daAuts
     D:2: 951 daAuts
     D:3: 890 daAuts
     D:1: 864 daAuts
     D:4: 790 daAuts
     D:6: 632 daAuts
     D:9: 308 daAuts
  Temple: 105 daAuts
